| TOP OF THE 1ST |
|
Portland Angels batting - Pitching for Palm Beach Nationals : RHP Matt Crowley
|
|
Pitching: RHP Matt Crowley
|
|
|
Batting: RHB Jose Garduno
|
0-0: Ball 1-0: SINGLE (Line Drive, 7LM, EV 108.8 MPH)
|
|
Batting: LHB Miguel Hernandez
|
0-0: Swinging Strike 0-1: Called Strike 0-2: Foul Ball, location: 2F 0-2: Ball 1-2: Foul Ball, location: 2F 1-2: Fly out, F7 (Flyball, 7, EV 88.8 MPH)
|
|
Batting: RHB Alex Rosaly
|
0-0: Swinging Strike 0-1: Ball 1-1: Ball Jose Garduno is caught stealing 2nd base 2-4 2-1: Foul Ball, location: 2F 2-2: Ball 3-2: Base on Balls
|
|
Batting: RHB Mario Martinez
|
0-0: Fly out, F9 (Flyball, 9S, EV 96.9 MPH)
|
| Top of the 1st over - 0 runs, 1 hit, 0 errors, 1 left on base; Portland 0 - Palm Beach 0 |
| BOTTOM OF THE 1ST |
|
Palm Beach Nationals batting - Pitching for Portland Angels : LHP Jim Roney
|
|
Pitching: LHP Jim Roney
|
|
|
Batting: RHB Lou Ortman
|
0-0: Ball 1-0: Foul Ball, location: 2F 1-1: Ball 2-1: Foul Ball, location: 2F 2-2: Strikes out swinging
|
|
Batting: RHB Steve Boice
|
0-0: Ball 1-0: Ball 2-0: Called Strike 2-1: Ball 3-1: Foul Ball, location: 2F 3-2: SINGLE (Line Drive, 6D, EV 104.4 MPH)
|
|
Batting: RHB Larry Myers
|
0-0: Called Strike 0-1: Ball 1-1: Foul Ball, location: 2F 1-2: Ball 2-2: Foul Ball, location: 2F 2-2: Ball 3-2: Foul Ball, location: 2F 3-2: SINGLE (Groundball, 6M, EV 105.6 MPH) (infield hit) Steve Boice to second
|
|
Pinch Runner at 1st Vince Parris:
|
|
|
Batting: LHB Dusty Jones
|
0-0: Called Strike 0-1: Foul Ball, location: 2F 0-2: Strikes out swinging
|
|
Batting: RHB Mike Hayes
|
0-0: Ball 1-0: Ball 2-0: Ball 3-0: Called Strike 3-1: Base on Balls Steve Boice to third Vince Parris to second
|
|
Batting: LHB Mike Trentham
|
0-0: Ball 1-0: Swinging Strike 1-1: Swinging Strike 1-2: Strikes out swinging
|
| Bottom of the 1st over - 0 runs, 2 hits, 0 errors, 3 left on base; Portland 0 - Palm Beach 0 |
| TOP OF THE 2ND |
|
Portland Angels batting - Pitching for Palm Beach Nationals : RHP Matt Crowley
|
|
Batting: RHB Bob Dewar
|
0-0: Foul Ball, location: 2F 0-1: Ball 1-1: Swinging Strike 1-2: Strikes out swinging
|
|
Batting: LHB John Harvey
|
0-0: Foul Ball, location: 2F 0-1: Ball 1-1: Called Strike 1-2: Strikes out swinging
|
|
Batting: RHB Ken Beck
|
0-0: Ball 1-0: Swinging Strike 1-1: Ball 2-1: Called Strike 2-2: Foul Ball, location: 2F 2-2: Ground out 6-3 (Groundball, 6, EV 95.0 MPH)
|
| Top of the 2nd over - 0 runs, 0 hits, 0 errors, 0 left on base; Portland 0 - Palm Beach 0 |
| BOTTOM OF THE 2ND |
|
Palm Beach Nationals batting - Pitching for Portland Angels : LHP Jim Roney
|
|
Batting: RHB Abdul-Ra'uf bin Maimun
|
0-0: Swinging Strike 0-1: Foul Ball, location: 2F 0-2: Ball 1-2: Strikes out looking
|
|
Batting: RHB Tom Lyles
|
0-0: Ground out U3 (Groundball, 34, EV 103.1 MPH)
|
|
Batting: RHB Trent Spivey
|
0-0: Called Strike 0-1: Ball 1-1: Ball 2-1: Foul Ball, location: 2F 2-2: Strikes out swinging
|
| Bottom of the 2nd over - 0 runs, 0 hits, 0 errors, 0 left on base; Portland 0 - Palm Beach 0 |
| TOP OF THE 3RD |
|
Portland Angels batting - Pitching for Palm Beach Nationals : RHP Matt Crowley
|
|
Batting: RHB Eric Hays
|
0-0: Called Strike 0-1: Swinging Strike 0-2: Ball 1-2: SINGLE (Groundball, 34D, EV 105.0 MPH)
|
|
Batting: LHB Matt Herndon
|
0-0: Called Strike 0-1: Hit by Pitch Eric Hays to second
|
|
Batting: RHB Jose Garduno
|
0-0: Swinging Strike 0-1: Grounds into double play, 3-6-1 (Groundball, 34S, EV 78.8 MPH) Eric Hays to third
|
|
Batting: LHB Miguel Hernandez
|
0-0: Foul Ball, location: 2F 0-1: Ball 1-1: Foul Ball, location: 2F 1-2: Foul Ball, location: 2F 1-2: Foul Ball, location: 2F 1-2: DOUBLE (Line Drive, 7LM, EV 105.0 MPH) Eric Hays scores
|
|
Batting: RHB Alex Rosaly
|
0-0: Foul Ball, location: 2F 0-1: Fly out, F7 (Flyball, 7D, EV 96.2 MPH)
|
| Top of the 3rd over - 1 run, 2 hits, 0 errors, 1 left on base; Portland 1 - Palm Beach 0 |
| BOTTOM OF THE 3RD |
|
Palm Beach Nationals batting - Pitching for Portland Angels : LHP Jim Roney
|
|
Batting: RHB Lou Ortman
|
0-0: Swinging Strike 0-1: Swinging Strike 0-2: Ball 1-2: Strikes out swinging
|
|
Batting: RHB Steve Boice
|
0-0: Ball 1-0: Fly out, F7 (Flyball, 7, EV 81.9 MPH)
|
|
Batting: RHB Vince Parris
|
0-0: Foul Ball, location: 2F 0-1: Ball 1-1: Ball 2-1: Ball 3-1: Ground out 5-3 (Groundball, 5L, EV 101.9 MPH)
|
| Bottom of the 3rd over - 0 runs, 0 hits, 0 errors, 0 left on base; Portland 1 - Palm Beach 0 |
| TOP OF THE 4TH |
|
Portland Angels batting - Pitching for Palm Beach Nationals : RHP Matt Crowley
|
|
Batting: RHB Mario Martinez
|
0-0: Called Strike 0-1: Called Strike 0-2: Ball 1-2: Ball 2-2: Ball 3-2: Ground out 5-3 (Groundball, 5L, EV 100.6 MPH)
|
|
Batting: RHB Bob Dewar
|
0-0: Fly out, F8 (Flyball, 8RD, EV 106.9 MPH)
|
|
Batting: LHB John Harvey
|
0-0: Ball 1-0: Ground out U3 (Groundball, 34S, EV 88.1 MPH)
|
| Top of the 4th over - 0 runs, 0 hits, 0 errors, 0 left on base; Portland 1 - Palm Beach 0 |
| BOTTOM OF THE 4TH |
|
Palm Beach Nationals batting - Pitching for Portland Angels : LHP Jim Roney
|
|
Batting: LHB Dusty Jones
|
0-0: Ball 1-0: Ball 2-0: Swinging Strike 2-1: Swinging Strike 2-2: Ball 3-2: Strikes out looking
|
|
Batting: RHB Mike Hayes
|
0-0: Ball 1-0: Called Strike 1-1: Ball 2-1: Swinging Strike 2-2: Ball 3-2: Foul Ball, location: 2F 3-2: Ground out 6-3 (Groundball, 6, EV 101.2 MPH)
|
|
Batting: LHB Mike Trentham
|
0-0: Called Strike 0-1: Ball 1-1: Fly out, F7 (Flyball, 7D, EV 78.8 MPH)
|
| Bottom of the 4th over - 0 runs, 0 hits, 0 errors, 0 left on base; Portland 1 - Palm Beach 0 |
| TOP OF THE 5TH |
|
Portland Angels batting - Pitching for Palm Beach Nationals : RHP Matt Crowley
|
|
Batting: RHB Ken Beck
|
0-0: Ball 1-0: Called Strike 1-1: Foul Ball, location: 2F 1-2: Foul Ball, location: 2F 1-2: Strikes out swinging
|
|
Batting: RHB Eric Hays
|
0-0: Called Strike 0-1: Ball 1-1: Swinging Strike 1-2: Strikes out swinging
|
|
Batting: LHB Matt Herndon
|
0-0: Called Strike 0-1: Called Strike 0-2: Ground out 4-3 (Groundball, 4, EV 90.0 MPH)
|
| Top of the 5th over - 0 runs, 0 hits, 0 errors, 0 left on base; Portland 1 - Palm Beach 0 |
| BOTTOM OF THE 5TH |
|
Palm Beach Nationals batting - Pitching for Portland Angels : LHP Jim Roney
|
|
Batting: RHB Abdul-Ra'uf bin Maimun
|
0-0: Swinging Strike 0-1: Ball 1-1: Swinging Strike 1-2: Strikes out swinging passed ball, reaches first!
|
|
Batting: RHB Tom Lyles
|
0-0: Ball 1-0: Foul Ball, location: 2F 1-1: Foul Ball, location: 2F 1-2: Ball 2-2: Ball 3-2: Fly out, F3 (Popup, 3F, EV 64.4 MPH)
|
|
Batting: RHB Trent Spivey
|
0-0: Ball 1-0: Called Strike 1-1: Called Strike 1-2: DOUBLE (Groundball, 5L, EV 103.1 MPH) Abdul-Ra'uf bin Maimun to third
|
|
Pitching: LHP Benjie Dalaque
|
|
|
Batting: RHB Lou Ortman
|
0-0: Ball 1-0: Fly out, F7 (Line Drive, 7LM, EV 96.2 MPH)
|
|
Batting: RHB Steve Boice
|
0-0: Swinging Strike 0-1: Ball 1-1: Ground out 4-3 (Groundball, 34, EV 93.1 MPH)
|
| Bottom of the 5th over - 0 runs, 1 hit, 0 errors, 2 left on base; Portland 1 - Palm Beach 0 |
| TOP OF THE 6TH |
|
Portland Angels batting - Pitching for Palm Beach Nationals : RHP Matt Crowley
|
|
Batting: RHB Jose Garduno
|
0-0: Ball 1-0: Ball 2-0: Called Strike 2-1: Fly out, F4 (Popup, 34, EV 64.4 MPH)
|
|
Batting: LHB Miguel Hernandez
|
0-0: Called Strike 0-1: Ball 1-1: Ground out 4-3 (Groundball, 4, EV 102.5 MPH)
|
|
Batting: RHB Alex Rosaly
|
0-0: Ball 1-0: Ball 2-0: Ball 3-0: Called Strike 3-1: DOUBLE (Groundball, 5L, EV 100.6 MPH)
|
|
Batting: RHB Mario Martinez
|
0-0: Ball 1-0: Ground out 5-3 (Groundball, 15, EV 85.0 MPH)
|
| Top of the 6th over - 0 runs, 1 hit, 0 errors, 1 left on base; Portland 1 - Palm Beach 0 |
| BOTTOM OF THE 6TH |
|
Palm Beach Nationals batting - Pitching for Portland Angels : LHP Benjie Dalaque
|
|
Batting: RHB Vince Parris
|
0-0: Ball 1-0: Ball 2-0: Ball 3-0: Called Strike 3-1: Base on Balls
|
|
Batting: LHB Dusty Jones
|
0-0: Ball 1-0: Swinging Strike 1-1: Foul Ball, location: 2F 1-2: Foul Ball, location: 2F 1-2: Strikes out looking
|
|
Batting: RHB Mike Hayes
|
0-0: Called Strike 0-1: Swinging Strike 0-2: Ball 1-2: Ball 2-2: Strikes out swinging
|
|
Pinch Hitting: RHB William Torres
|
0-0: Ball 1-0: Called Strike Vince Parris steals 2nd base 1-1: Ball Wild Pitch! Vince Parris to third 2-1: Ball 3-1: Swinging Strike 3-2: Strikes out swinging
|
| Bottom of the 6th over - 0 runs, 0 hits, 0 errors, 1 left on base; Portland 1 - Palm Beach 0 |
| TOP OF THE 7TH |
|
Portland Angels batting - Pitching for Palm Beach Nationals : RHP Matt Crowley
|
|
Now in RF: Greg Bennett
|
|
|
Batting: RHB Bob Dewar
|
0-0: Called Strike 0-1: Fly out, F8 (Line Drive, 8LM, EV 96.9 MPH)
|
|
Batting: LHB John Harvey
|
0-0: Ball 1-0: Called Strike 1-1: Fly out, F7 (Flyball, 78M, EV 89.4 MPH)
|
|
Batting: RHB Ken Beck
|
0-0: Ball 1-0: Called Strike 1-1: Ball 2-1: Called Strike 2-2: Foul Ball, location: 2F 2-2: Strikes out swinging
|
| Top of the 7th over - 0 runs, 0 hits, 0 errors, 0 left on base; Portland 1 - Palm Beach 0 |
| BOTTOM OF THE 7TH |
|
Palm Beach Nationals batting - Pitching for Portland Angels : LHP Benjie Dalaque
|
|
Batting: RHB Abdul-Ra'uf bin Maimun
|
0-0: Ball 1-0: Called Strike 1-1: Foul Ball, location: 2F 1-2: Ground out 6-3 (Groundball, 6, EV 83.1 MPH)
|
|
Batting: RHB Tom Lyles
|
0-0: Ball 1-0: Called Strike 1-1: Swinging Strike 1-2: Strikes out looking
|
|
Batting: RHB Trent Spivey
|
0-0: Ball 1-0: Called Strike 1-1: Fly out, F9 (Line Drive, 89M, EV 111.2 MPH)
|
| Bottom of the 7th over - 0 runs, 0 hits, 0 errors, 0 left on base; Portland 1 - Palm Beach 0 |
| TOP OF THE 8TH |
|
Portland Angels batting - Pitching for Palm Beach Nationals : RHP Matt Crowley
|
|
Batting: RHB Eric Hays
|
0-0: Ball 1-0: Ball 2-0: Called Strike 2-1: Fly out, F8 (Flyball, 8RD, EV 99.4 MPH)
|
|
Pinch Hitting: RHB Esteban Rangel
|
0-0: Ball 1-0: Fly out, F8 (Flyball, 8RD, EV 110.0 MPH)
|
|
Batting: RHB Jose Garduno
|
0-0: Fly out, F8 (Flyball, 89D, EV 103.1 MPH)
|
| Top of the 8th over - 0 runs, 0 hits, 0 errors, 0 left on base; Portland 1 - Palm Beach 0 |
| BOTTOM OF THE 8TH |
|
Palm Beach Nationals batting - Pitching for Portland Angels : LHP Benjie Dalaque
|
|
Now in RF: Dan Contreras
|
|
|
Batting: RHB Lou Ortman
|
0-0: SINGLE (Groundball, 5, EV 105.0 MPH)
|
|
Pitching: RHP John Martin
|
|
|
Batting: RHB Steve Boice
|
0-0: Called Strike 0-1: Ball 1-1: Foul Ball, location: 2F 1-2: Ball 2-2: Strikes out swinging
|
|
Batting: RHB Vince Parris
|
0-0: Called Strike 0-1: Ball 1-1: Swinging Strike 1-2: Foul Ball, location: 2F 1-2: Strikes out looking
|
|
Batting: LHB Dusty Jones
|
0-0: Called Strike 0-1: Hit by Pitch Lou Ortman to second
|
|
Batting: RHB Mike Hayes
|
0-0: Ball 1-0: Called Strike 1-1: Ball 2-1: Ball 3-1: Called Strike 3-2: SINGLE (Groundball, 5S, EV 71.9 MPH) (infield hit) Lou Ortman to third Dusty Jones to second
|
|
Batting: RHB Greg Bennett
|
0-0: Ball 1-0: Fielders Choice at 2nd, U6 (Groundball, 6M, EV 91.9 MPH)
|
| Bottom of the 8th over - 0 runs, 2 hits, 0 errors, 3 left on base; Portland 1 - Palm Beach 0 |
| TOP OF THE 9TH |
|
Portland Angels batting - Pitching for Palm Beach Nationals : RHP Matt Crowley
|
|
Pinch Hitting: RHB Joe Keough
|
0-0: Foul Ball, location: 2F 0-1: Foul Ball, location: 2F 0-2: Ball 1-2: Ball 2-2: Ground out 6-3 (Groundball, 6S, EV 70.6 MPH)
|
|
Batting: RHB Alex Rosaly
|
0-0: Ball 1-0: Called Strike 1-1: Ball 2-1: Ball 3-1: Foul Ball, location: 2F 3-2: Foul Ball, location: 2F 3-2: Foul Ball, location: 2F 3-2: Base on Balls
|
|
Pitching: RHP Ben Lowe
|
|
|
Batting: RHB Mario Martinez
|
0-0: Ball 1-0: Fly out, F4 (Popup, 4, EV 61.2 MPH)
|
|
Pinch Hitting: LHB Jon Rahn
|
0-0: Called Strike 0-1: Ball 1-1: Ground out 4-3 (Groundball, 4, EV 97.5 MPH)
|
| Top of the 9th over - 0 runs, 0 hits, 0 errors, 1 left on base; Portland 1 - Palm Beach 0 |
| BOTTOM OF THE 9TH |
|
Palm Beach Nationals batting - Pitching for Portland Angels : RHP John Martin
|
|
Pitching: RHP Hector Agudelo
|
|
|
Now at C: John Granter
|
|
|
Now in LF: Lourens Aukema
|
|
|
Pinch Hitting: RHB Jim O'Sullivan
|
0-0: Ball 1-0: Ball 2-0: Foul Ball, location: 2F 2-1: Called Strike 2-2: Strikes out swinging
|
|
Pinch Hitting: SHB Nelson Franco
|
0-0: Swinging Strike 0-1: Foul Ball, location: 2F 0-2: Foul Ball, location: 2F 0-2: Foul Ball, location: 2F 0-2: Strikes out swinging
|
|
Batting: RHB Trent Spivey
|
0-0: Foul Ball, location: 2F 0-1: Foul Ball, location: 2F 0-2: Ball 1-2: Foul Ball, location: 2F 1-2: Ground out 4-3 (Groundball, 34S, EV 88.1 MPH)
|
| Bottom of the 9th over - 0 runs, 0 hits, 0 errors, 0 left on base; Portland 1 - Palm Beach 0 |
|